 Dungeon Crawl Stone Soup version 0.27.0-1-g7a089689b8 (webtiles) character file.

Game seed: 18202849491706343176

5279 lnt the Cleaver (level 10, -1/82 HPs)
             Began as a Minotaur Berserker on Aug 15, 2021.
             Was an Elder of Trog.
             Slain by a red ugly thing (15 damage)
             ... on level 9 of the Dungeon.
             The game lasted 00:20:58 (7880 turns).

lnt the Cleaver (Minotaur Berserker)                Turns: 7880, Time: 00:20:58

Health: -1/82      AC: 18    Str: 25    XL:     10   Next: 36%
Magic:  9/9        EV:  7    Int:  4    God:    Trog [****..]
Gold:   455        SH: 12    Dex: 10    Spells: 9/9 levels left

rFire    . . .     SeeInvis .   x - +2 hand axe (elec)
rCold    . . .     Faith    .   K - +0 kite shield
rNeg     . . .     Spirit   .   c - +0 chain mail
rPois    +         Reflect  .   l - +2 hat
rElec    .         Harm     .   J - +0 cloak {rPois}
rCorr    .         Rampage  .   m - +0 pair of gloves
Will     ++...                  M - +0 pair of boots
Stlth    ..........             (no amulet)
HPRegen  1.23/turn              e - +4 ring of protection
MPRegen  0.11/turn              (no ring)

@: strong-willed, regenerating
A: horns 2, retaliatory headbutt
a: Renounce Religion, Berserk, Trog's Hand, Brothers in Arms


You were on level 9 of the Dungeon.
You worshipped Trog.
Trog was greatly pleased with you.
You visited 2 branches of the dungeon, and saw 10 of its levels.

You collected 455 gold pieces.

Inventory:

Hand Weapons
 a - a +0 hand axe
 x - a +2 hand axe of electrocution (weapon)
Missiles
 A - 7 poisoned darts (quivered)
 R - a throwing net
Armour
 b - a +0 animal skin
 c - a +0 chain mail (worn)
 l - a +2 hat (worn)
 m - a +0 pair of gloves (worn)
 C - a +0 plate armour
 I - a +3 scale mail of fire resistance
 J - a +0 cloak of poison resistance (worn)
 K - a +0 kite shield (worn)
 M - a +0 pair of boots (worn)
Jewellery
 e - a +4 ring of protection (left hand)
 g - a ring of ice
 v - a +4 ring of protection
 L - a ring of flight
Wands
 E - a wand of flame (9)
 G - a wand of digging (9)
 H - a wand of iceblast (3)
 S - a wand of paralysis (7)
Scrolls
 d - 2 scrolls of enchant weapon {unknown}
 h - 6 scrolls of identify {unknown}
 i - 2 scrolls of enchant armour {unknown}
 k - a scroll of acquirement {unknown}
 o - 4 scrolls of teleportation {unknown}
 p - 3 scrolls of magic mapping {unknown}
 w - a scroll of blinking {unknown}
 y - a scroll of brand weapon {unknown}
 B - 3 scrolls of immolation {unknown}
 D - a scroll of vulnerability {unknown}
 F - a scroll of fog {unknown}
 O - a scroll of amnesia {unknown}
 P - a scroll of torment {unknown}
 Q - a scroll of holy word {unknown}
Potions
 f - 4 potions of invisibility {unknown}
 j - 6 potions of curing {unknown}
 n - 2 potions of resistance {unknown}
 q - 2 potions of cancellation {unknown}
 r - 3 potions of might
 s - 2 potions of attraction {unknown}
 t - a potion of berserk rage {unknown}
 u - a potion of flight {unknown}
 z - 3 potions of mutation {unknown}
 N - a potion of lignification {unknown}


   Skills:
 + Level 5.6 Fighting
 - Level 14.9 Axes
 - Level 2.4 Armour
 - Level 2.1 Dodging
 + Level 9.3 Shields


You had 9 spell levels left.
You didn't know any spells.
Your spell library was empty.

Dungeon Overview and Level Annotations

Branches:
Dungeon (9/15)             Temple (1/1) D:5
   Lair: D:8-11         Orc: D:9-12

Altars:
Ashenzari
Cheibriados
Dithmenos
Elyvilon
Fedhas
Gozag
Hepliaklqana
Nemelex Xobeh
Okawaru
Qazlal
Ru
Trog
Uskayaw
Vehumet
Wu Jian
Xom
Yredelemnul
Zin
The Shining One

Annotations:
D:8 1 runed translucent door, Spaninq's ghost, novice SpGl


Innate Abilities, Weirdness & Mutations

You have a pair of horns on your head.
You reflexively headbutt those who attack you in melee.


Message History

Lightning courses through the red ugly thing!
The red ugly thing is lightly wounded.
The red ugly thing kicks you.
You are engulfed in flames!!
You closely miss the red ugly thing.
The red ugly thing is lightly wounded.
You hit the red ugly thing.
Lightning courses through the red ugly thing!
The red ugly thing is moderately wounded.
The red ugly thing kicks you but does no damage.
You barely miss the red ugly thing. You headbutt the red ugly thing.
The red ugly thing is moderately wounded.
You block the red ugly thing's attack.
You barely miss the red ugly thing.
Your headbutt misses the red ugly thing.
The red ugly thing is moderately wounded.
The red ugly thing kicks you but does no damage.
You hit the red ugly thing.
The red ugly thing is heavily wounded.
You slash the red ugly thing!
The red ugly thing is heavily wounded.
The red ugly thing kicks you!
You are engulfed in flames!!
You are too injured to fight recklessly!
You are too injured to fight recklessly!
You are too injured to fight recklessly!
You barely miss the red ugly thing.
Your headbutt misses the red ugly thing.
The red ugly thing is heavily wounded.
You block the red ugly thing's attack.
You closely miss the red ugly thing.
You headbutt the red ugly thing, but do no damage.
The red ugly thing is heavily wounded.
The red ugly thing kicks you!
You are engulfed in flames!
* * * LOW HITPOINT WARNING * * *
You hit the red ugly thing but do no damage.
The red ugly thing is heavily wounded.
You fail to use your ability.
You block the red ugly thing's attack.
You fail to use your ability.
The red ugly thing kicks you.
* * * LOW HITPOINT WARNING * * *
You are engulfed in flames!
You die...

# #### #.. ...# #....
...# #####...... ...#
###.@u....... ...#
###...##....... ...#
###......#.......
...######........##......
...##..)..........#......
...##.##...)......##.....
...##..#...........#.....
..####.##..........##...#
........#...........#


You could see a red ugly thing.

Vanquished Creatures
  A two-headed ogre (D:8)
  Psyche (D:8)
  6 yaks (D:9)
  3 steam dragons
  Edmund (D:5)
  An acid dragon (D:7)
  A water moccasin (D:8)
  A black bear (D:5)
  An orc warrior (D:8)
  2 hornet zombies
  6 centaurs
  A kobold brigand (D:8)
  A bullfrog (D:8)
  6 scorpions
  2 gnoll sergeants (D:6)
  A water moccasin skeleton (D:5)
  4 wights (D:7)
  4 howler monkeys
  A centaur zombie (D:5)
  A bullfrog zombie (D:7)
  2 orc priests
  Crazy Yiuf (D:5)
  3 hounds
  2 centaur skeletons (D:7)
  Ijyb (D:5)
  6 iguanas
  5 orc wizards
  A hound skeleton (D:4)
  Robin (D:3)
  2 howler monkey zombies
  7 adders
  10 gnolls (D:6)
  2 white imps
  2 adder skeletons
  A worm (D:2)
  3 dart slugs
  23 orcs
  8 ball pythons
  6 endoplasms
  3 giant cockroaches
  3 hobgoblins (D:3)
  12 jackals
  A quokka (D:3)
  4 bats
  2 frilled lizards
  10 goblins
  9 kobolds
  5 rats
180 creatures vanquished.

Vanquished Creatures (others)
  Prince Ribbit (D:7)
1 creature vanquished.

Grand Total: 181 creatures vanquished

Notes
Turn   | Place    | Note
-------+----------+-------------------------------------------
     0 | D:1      | lnt the Minotaur Berserker began the quest for the Orb.
     0 | D:1      | Reached XP level 1. HP: 19/19 MP: 0/0
    30 | D:1      | Reached skill level 4 in Axes
   186 | D:1      | Reached XP level 2. HP: 23/26 MP: 1/1
   232 | D:1      | Found a faded altar of an unknown god.
   601 | D:2      | Reached skill level 5 in Axes
   601 | D:2      | Reached XP level 3. HP: 30/31 MP: 2/2
   734 | D:2      | Reached ** piety under Trog
   841 | D:2      | Reached XP level 4. HP: 37/39 MP: 3/3
   868 | D:2      | Reached skill level 6 in Axes
  1374 | D:3      | Reached XP level 5. HP: 42/45 MP: 4/4
  1422 | D:3      | Reached skill level 7 in Axes
  1875 | D:3      | Noticed Robin
  1898 | D:3      | Killed Robin
  2345 | D:4      | Reached skill level 8 in Axes
  2364 | D:4      | Reached XP level 6. HP: 51/51 MP: 5/5
  2378 | D:4      | Reached skill level 9 in Axes
  2401 | D:4      | Reached *** piety under Trog
  2744 | D:4      | Reached XP level 7. HP: 57/57 MP: 6/6
  2862 | D:4      | Reached skill level 10 in Axes
  3161 | D:5      | Entered Level 5 of the Dungeon
  3533 | D:5      | Found a staircase to the Ecumenical Temple.
  3549 | Temple   | Entered the Ecumenical Temple
  3872 | D:5      | Reached skill level 11 in Axes
  3992 | D:5      | Noticed Ijyb
  4001 | D:5      | Killed Ijyb
  4002 | D:5      | Reached XP level 8. HP: 64/64 MP: 7/7
  4113 | D:5      | Noticed Edmund
  4124 | D:5      | Killed Edmund
  4148 | D:5      | Found a runed translucent door.
  4149 | D:5      | Noticed Crazy Yiuf
  4153 | D:5      | Killed Crazy Yiuf
  4154 | D:5      | Reached skill level 12 in Axes
  4552 | D:6      | Reached **** piety under Trog
  4666 | D:6      | Reached skill level 13 in Axes
  4666 | D:6      | Reached skill level 1 in Shields
  5436 | D:7      | Reached XP level 9. HP: 60/70 MP: 8/8
  5730 | D:7      | Noticed Prince Ribbit
  5754 | D:7      | Killed Prince Ribbit
  5755 | D:7      | Reached skill level 5 in Shields
  6113 | D:7      | Reached skill level 14 in Axes
  6853 | D:8      | Noticed Psyche
  6859 | D:8      | Killed Psyche
  6879 | D:8      | Noticed a two-headed ogre
  6890 | D:8      | Killed a two-headed ogre
  6891 | D:8      | Reached XP level 10. HP: 76/77 MP: 9/9
  7075 | D:8      | Found a blossoming altar of Fedhas.
  7166 | D:8      | Found a runed translucent door.
  7167 | D:8      | Found a shimmering altar of Xom.
  7167 | D:8      | Noticed Spaninq's ghost (novice SpGl)
  7168 | D:8      | Noticed a +2 falchion of chaos
  7427 | D:9      | Reached skill level 5 in Fighting
  7859 | D:9      | Noticed a red ugly thing
  7880 | D:9      | Slain by a red ugly thing

Illustrated notes

Levels and vault maps discovered:
D:1:      tarquinn_simple_flora_water_b, layout_rooms,
          hellmonk_ecumenical_altar_arch_garden
D:2:      layout_rooms, hangedman_abyss_or_decor_stabs
D:3:      layout_basic, chequers_serial_rivers_large_b, uniq_robin
D:4:      layout_cave_pools, minmay_joined_circles
D:5:      layout_cave_pods, minmay_temple_entry_mist, uniq_crazy_yiuf_cottage,
          uniq_ijyb, uniq_edmund
D:6:      layout_gridville
D:7:      layout_rooms, uniq_prince_ribbit1
D:8:      layout_gridville, fedhas_altar_1, ebering_ghost_xom,
          minmay_diced_spiral, uniq_psyche
D:9:      minmay_skewed_foursquare, layout_rooms, uniq_joseph
Temple:   dpeg_five_rooms_temple

Skill      XL: |  1  2  3  4  5  6  7  8  9 10 |
---------------+-------------------------------+-----
Axes           | 4 5 6 8 9 11 13 14 | 14.9
Shields        | 3 8 9 |  9.3
Fighting       | 5 |  5.6
Armour         | |  2.4
Dodging        | |  2.1

Action                   |  1- 3 |  4- 6 |  7- 9 | 10-12 || total
-------------------------+-------+-------+-------+-------++-------
Melee: Hand axe          |    84 |   125 |   195 |    59 ||   463
       Headbutt          |    15 |    15 |    33 |     9 ||    72
Invok: Trog's Hand       |       |     3 |     3 |     1 ||     7
       Berserk           |       |     2 |     4 |     1 ||     7
Armor: Animal skin       |     4 |       |       |       ||     4
       Chain mail        |    42 |    91 |   104 |    25 ||   262
Dodge: Dodged            |    48 |    59 |    42 |     9 ||   158
Block: Kite shield       |       |       |    56 |    27 ||    83
